| TOP OF THE 1ST |
|
Boston Red Sox batting - Pitching for California Angels : RHP Eric Prevost
|
|
Pitching: RHP Eric Prevost
|
|
|
Batting: LHB Claudell Washington
|
0-0: Foul Ball, location: 2F 0-1: Called Strike 0-2: Ball 1-2: Ball 2-2: Ball 3-2: Strikes out swinging passed ball, reaches first!
|
|
Batting: RHB Richie Zisk
|
0-0: Called Strike Claudell Washington steals 2nd base 0-1: Called Strike 0-2: 2-RUN HOME RUN (Flyball, 7D, EV 108.1 MPH), Distance : 385 ft
|
|
Batting: LHB George Brett
|
0-0: Called Strike 0-1: Ball 1-1: Ball 2-1: Ground out 4-3 (Groundball, 4, EV 104.4 MPH)
|
|
Batting: SHB Reggie Smith
|
0-0: Ball 1-0: Called Strike 1-1: SOLO HOME RUN (Line Drive, 9LD, EV 103.8 MPH), Distance : 385 ft
|
|
Batting: LHB Willie Aikens
|
0-0: Ball 1-0: Ball 2-0: Foul Ball, location: 2F 2-1: Foul Ball, location: 2F 2-2: Foul Ball, location: 2F 2-2: Ball 3-2: DOUBLE (Flyball, 78D, EV 98.8 MPH)
|
|
Batting: RHB Jeff Burroughs
|
0-0: Ball 1-0: Foul Ball, location: 2F 1-1: Ball 2-1: Called Strike 2-2: Foul Ball, location: 2F 2-2: 2-RUN HOME RUN (Flyball, 8LXD, EV 100.0 MPH), Distance : 454 ft
|
|
Batting: SHB Scotti Madison
|
0-0: Called Strike 0-1: Foul Ball, location: 2F 0-2: Ball 1-2: Foul Ball, location: 2F 1-2: Ball 2-2: Ground out 1-3 (Groundball, 13S, EV 73.8 MPH)
|
|
Batting: RHB Mark Grady
|
0-0: Ball 1-0: Called Strike 1-1: Fly out, F4 (Flyball, 4D, EV 73.1 MPH)
|
| Top of the 1st over - 5 runs, 4 hits, 0 errors, 0 left on base; Boston 5 - California 0 |
| BOTTOM OF THE 1ST |
|
California Angels batting - Pitching for Boston Red Sox : LHP Gary Pickert
|
|
Pitching: LHP Gary Pickert
|
|
|
Batting: RHB Frank White
|
0-0: Called Strike 0-1: Called Strike 0-2: Ground out 4-3 (Groundball, 4, EV 93.1 MPH)
|
|
Batting: LHB Brian Rosinski
|
0-0: Called Strike 0-1: Ground out 1-3 (Groundball, 13, EV 66.3 MPH)
|
|
Batting: SHB Jon Hernandez
|
0-0: Called Strike 0-1: Fly out, F9 (Flyball, 89M, EV 96.9 MPH)
|
| Bottom of the 1st over - 0 runs, 0 hits, 0 errors, 0 left on base; Boston 5 - California 0 |
| TOP OF THE 2ND |
|
Boston Red Sox batting - Pitching for California Angels : RHP Eric Prevost
|
|
Batting: LHB Larry Harlow
|
0-0: Fly out, F7 (Flyball, 7, EV 93.8 MPH)
|
|
Batting: LHB Claudell Washington
|
0-0: Ground out 5-3 (Groundball, 56S, EV 81.3 MPH)
|
|
Batting: RHB Richie Zisk
|
0-0: Fly out, F4 (Flyball, 4D, EV 85.6 MPH)
|
| Top of the 2nd over - 0 runs, 0 hits, 0 errors, 0 left on base; Boston 5 - California 0 |
| BOTTOM OF THE 2ND |
|
California Angels batting - Pitching for Boston Red Sox : LHP Gary Pickert
|
|
Batting: LHB Jason D Thompson
|
0-0: Ball 1-0: Foul Ball, location: 2F 1-1: Foul Ball, location: 2F 1-2: Ball 2-2: Strikes out looking
|
|
Batting: RHB Jeff Atherton
|
0-0: Ball 1-0: Ground out 6-3 (Groundball, 6, EV 86.3 MPH)
|
|
Batting: LHB John Milner
|
0-0: Fly out, F7 (Flyball, 7LS, EV 91.9 MPH)
|
| Bottom of the 2nd over - 0 runs, 0 hits, 0 errors, 0 left on base; Boston 5 - California 0 |
| TOP OF THE 3RD |
|
Boston Red Sox batting - Pitching for California Angels : RHP Eric Prevost
|
|
Batting: LHB George Brett
|
0-0: Called Strike 0-1: Foul Ball, location: 2F 0-2: Ball 1-2: Foul Ball, location: 2F 1-2: Foul Ball, location: 2F 1-2: Fly out, F8 (Flyball, 8LD, EV 105.6 MPH)
|
|
Batting: SHB Reggie Smith
|
0-0: Ball 1-0: Swinging Strike 1-1: Ball 2-1: Fly out, F8 (Flyball, 89XD, EV 103.1 MPH)
|
|
Batting: LHB Willie Aikens
|
0-0: Ball 1-0: Called Strike 1-1: Ground out 6-3 (Groundball, 56, EV 103.8 MPH)
|
| Top of the 3rd over - 0 runs, 0 hits, 0 errors, 0 left on base; Boston 5 - California 0 |
| BOTTOM OF THE 3RD |
|
California Angels batting - Pitching for Boston Red Sox : LHP Gary Pickert
|
|
Batting: RHB Rafael Ramirez
|
0-0: Ball 1-0: Ball 2-0: Called Strike 2-1: SINGLE (Groundball, 34D, EV 100.0 MPH)
|
|
Batting: SHB Ignacio Medina
|
0-0: Hit by Pitch Rafael Ramirez to second
|
|
Batting: LHB Geno Petralli
|
0-0: Ball 1-0: Ball 2-0: Called Strike 2-1: Ball 3-1: Called Strike 3-2: TRIPLE (Flyball, 89XD, EV 98.8 MPH) Rafael Ramirez scores Ignacio Medina scores
|
|
Batting: RHB Frank White
|
0-0: Fly out, F9 (Flyball, 89M, EV 94.4 MPH) Runner from 3rd tags up, SCORES, no throw by RF
|
|
Batting: LHB Brian Rosinski
|
0-0: Ball 1-0: Called Strike 1-1: Called Strike 1-2: Ball 2-2: Strikes out looking
|
|
Batting: SHB Jon Hernandez
|
0-0: Ball 1-0: Ball 2-0: Foul Ball, location: 2F 2-1: Foul Ball, location: 2F 2-2: Ball 3-2: Fly out, F7 (Line Drive, 7, EV 101.3 MPH)
|
| Bottom of the 3rd over - 3 runs, 2 hits, 0 errors, 0 left on base; Boston 5 - California 3 |
| TOP OF THE 4TH |
|
Boston Red Sox batting - Pitching for California Angels : RHP Eric Prevost
|
|
Batting: RHB Jeff Burroughs
|
0-0: Called Strike 0-1: Foul Ball, location: 2F 0-2: Ball 1-2: Foul Ball, location: 2F 1-2: Ball 2-2: Ball 3-2: SINGLE (Line Drive, 89S, EV 95.0 MPH)
|
|
Batting: SHB Scotti Madison
|
0-0: Called Strike 0-1: Fly out, F9 (Flyball, 9, EV 80.6 MPH)
|
|
Batting: RHB Mark Grady
|
0-0: Called Strike 0-1: Ball 1-1: Foul Ball, location: 2F 1-2: Strikes out swinging
|
|
Batting: LHB Larry Harlow
|
0-0: Called Strike 0-1: Called Strike 0-2: Foul Ball, location: 2F 0-2: Ball 1-2: Ball 2-2: Foul Ball, location: 2F 2-2: Strikes out swinging
|
| Top of the 4th over - 0 runs, 1 hit, 0 errors, 1 left on base; Boston 5 - California 3 |
| BOTTOM OF THE 4TH |
|
California Angels batting - Pitching for Boston Red Sox : LHP Gary Pickert
|
|
Batting: LHB Jason D Thompson
|
0-0: Foul Ball, location: 2F 0-1: Called Strike 0-2: Ball 1-2: Strikes out looking
|
|
Batting: RHB Jeff Atherton
|
0-0: Ball 1-0: SOLO HOME RUN (Flyball, 7D, EV 103.8 MPH), Distance : 383 ft
|
|
Batting: LHB John Milner
|
0-0: Ball 1-0: Ball 2-0: Fly out, F8 (Flyball, 8LXD, EV 100.6 MPH)
|
|
Batting: RHB Rafael Ramirez
|
0-0: Called Strike 0-1: Fly out, F8 (Line Drive, 8LD, EV 90.6 MPH)
|
| Bottom of the 4th over - 1 run, 1 hit, 0 errors, 0 left on base; Boston 5 - California 4 |
| TOP OF THE 5TH |
|
Boston Red Sox batting - Pitching for California Angels : RHP Eric Prevost
|
|
Pitching: RHP John Butcher
|
|
|
Batting: LHB Claudell Washington
|
0-0: Swinging Strike 0-1: Ground out 6-3 (Groundball, 6, EV 87.5 MPH)
|
|
Batting: RHB Richie Zisk
|
0-0: Ball 1-0: Ball 2-0: Ball 3-0: Called Strike 3-1: Base on Balls
|
|
Batting: LHB George Brett
|
0-0: Fly out, F4 (Popup, 4, EV 63.8 MPH)
|
|
Batting: SHB Reggie Smith
|
0-0: Ball 1-0: Ground out U3 (Groundball, 34, EV 102.5 MPH)
|
| Top of the 5th over - 0 runs, 0 hits, 0 errors, 1 left on base; Boston 5 - California 4 |
| BOTTOM OF THE 5TH |
|
California Angels batting - Pitching for Boston Red Sox : LHP Gary Pickert
|
|
Pitching: RHP Tom M Carroll
|
|
|
Batting: SHB Ignacio Medina
|
0-0: Ball 1-0: Ball 2-0: Ball 3-0: Called Strike 3-1: Base on Balls
|
|
Batting: LHB Geno Petralli
|
0-0: Called Strike 0-1: Ball 1-1: Called Strike Ignacio Medina steals 2nd base (no throw) 1-2: Strikes out swinging
|
|
Batting: RHB Frank White
|
0-0: Fly out, F8 (Flyball, 8LXD, EV 93.1 MPH) Runner from 2nd tags up, SAFE at 3rd, no throw by CF
|
|
Batting: LHB Brian Rosinski
|
0-0: Foul Ball, location: 2F 0-1: Ball 1-1: Called Strike 1-2: Foul Ball, location: 2F 1-2: Ball 2-2: 2-RUN HOME RUN (Flyball, 9LD, EV 106.3 MPH), Distance : 370 ft
|
|
Batting: SHB Jon Hernandez
|
0-0: Ball 1-0: SOLO HOME RUN (Flyball, 9LD, EV 100.0 MPH), Distance : 360 ft
|
|
Batting: LHB Jason D Thompson
|
0-0: Called Strike 0-1: Foul Ball, location: 2F 0-2: Foul Ball, location: 2F 0-2: Foul Ball, location: 2F 0-2: Ball 1-2: Fly out, F8 (Flyball, 8LXD, EV 105.6 MPH)
|
| Bottom of the 5th over - 3 runs, 2 hits, 0 errors, 0 left on base; Boston 5 - California 7 |
| TOP OF THE 6TH |
|
Boston Red Sox batting - Pitching for California Angels : RHP John Butcher
|
|
Batting: LHB Willie Aikens
|
0-0: Called Strike 0-1: Ball 1-1: Ball 2-1: Foul Ball, location: 2F 2-2: Strikes out swinging
|
|
Batting: RHB Jeff Burroughs
|
0-0: Ball 1-0: Ball 2-0: Ball 3-0: Base on Balls
|
|
Batting: SHB Scotti Madison
|
0-0: Ball 1-0: Called Strike 1-1: Ball 2-1: Fly out, F8 (Flyball, 89M, EV 85.0 MPH)
|
|
Batting: RHB Mark Grady
|
0-0: Called Strike 0-1: Called Strike 0-2: Ball 1-2: Foul Ball, location: 2F 1-2: Strikes out swinging
|
| Top of the 6th over - 0 runs, 0 hits, 0 errors, 1 left on base; Boston 5 - California 7 |
| BOTTOM OF THE 6TH |
|
California Angels batting - Pitching for Boston Red Sox : RHP Tom M Carroll
|
|
Pitching: LHP Gary Perritt
|
|
|
Batting: RHB Jeff Atherton
|
0-0: Ball 1-0: Fly out, F4 (Popup, 34S, EV 80.0 MPH)
|
|
Batting: LHB John Milner
|
0-0: Ball 1-0: Called Strike 1-1: Called Strike 1-2: Foul Ball, location: 2F 1-2: Strikes out looking
|
|
Batting: RHB Rafael Ramirez
|
0-0: Ball 1-0: Swinging Strike 1-1: TRIPLE (Line Drive, 9LD, EV 105.6 MPH)
|
|
Batting: SHB Ignacio Medina
|
0-0: Called Strike 0-1: Ball 1-1: Ground out 6-3 (Groundball, 6, EV 88.8 MPH)
|
| Bottom of the 6th over - 0 runs, 1 hit, 0 errors, 1 left on base; Boston 5 - California 7 |
| TOP OF THE 7TH |
|
Boston Red Sox batting - Pitching for California Angels : RHP John Butcher
|
|
Batting: LHB Larry Harlow
|
0-0: Ball 1-0: Ball 2-0: Fly out, F8 (Line Drive, 8LD, EV 96.9 MPH)
|
|
Pinch Hitting: SHB Dave Collins
|
0-0: Ball 1-0: Ball 2-0: DOUBLE (Line Drive, 7LM, EV 103.8 MPH)
|
|
Pinch Hitting: SHB Albert Hall
|
0-0: Ground out U3 (Groundball, 34, EV 104.4 MPH) Dave Collins to third
|
|
Pinch Hitting: SHB Nelson Norman
|
0-0: Ball 1-0: Swinging Strike 1-1: Ground out U3 (Groundball, 3, EV 88.1 MPH)
|
| Top of the 7th over - 0 runs, 1 hit, 0 errors, 1 left on base; Boston 5 - California 7 |
| BOTTOM OF THE 7TH |
|
California Angels batting - Pitching for Boston Red Sox : LHP Gary Perritt
|
|
Now at 3B: Nelson Norman
|
|
|
Now in LF: Albert Hall
|
|
|
Now in RF: Dave Collins
|
|
|
Batting: LHB Geno Petralli
|
0-0: Ball 1-0: Ball 2-0: Ground out 4-3 (Groundball, 4, EV 89.4 MPH)
|
|
Pinch Hitting: RHB Dave L Stapleton
|
0-0: Called Strike 0-1: Ball 1-1: Ball 2-1: Ball 3-1: Foul Ball, location: 2F 3-2: SOLO HOME RUN (Flyball, 7LD, EV 96.9 MPH), Distance : 363 ft
|
|
Pinch Hitting: LHB Franklin Lopez
|
0-0: Called Strike 0-1: Swinging Strike 0-2: Foul Ball, location: 2F 0-2: Strikes out looking
|
|
Batting: SHB Jon Hernandez
|
0-0: Fly out, F4 (Popup, 4MD, EV 56.3 MPH)
|
| Bottom of the 7th over - 1 run, 1 hit, 0 errors, 0 left on base; Boston 5 - California 8 |
| TOP OF THE 8TH |
|
Boston Red Sox batting - Pitching for California Angels : RHP John Butcher
|
|
Now at 3B: Dave L Stapleton
|
|
|
Now in CF: Carlos Pimentel
|
|
|
Batting: RHB Josh Grimes
|
0-0: Ball 1-0: Fly out, F8 (Flyball, 8RM, EV 86.3 MPH)
|
|
Pinch Hitting: LHB Steven Mobberley
|
0-0: Ball 1-0: Ball 2-0: Ball 3-0: Called Strike 3-1: Swinging Strike 3-2: Fly out, F9 (Flyball, 9LS, EV 91.9 MPH)
|
|
Pinch Hitting: SHB Harry Chappas
|
0-0: Ball 1-0: Ball 2-0: Ball 3-0: Base on Balls
|
|
Batting: SHB Scotti Madison
|
0-0: SINGLE (Groundball, 34D, EV 107.5 MPH) (infield hit) Harry Chappas to second
|
|
Pinch Hitting: RHB Luis Salazar
|
0-0: Foul Ball, location: 2F 0-1: Ball 1-1: Foul Ball, location: 2F 1-2: Strikes out swinging
|
| Top of the 8th over - 0 runs, 1 hit, 0 errors, 2 left on base; Boston 5 - California 8 |
| BOTTOM OF THE 8TH |
|
California Angels batting - Pitching for Boston Red Sox : LHP Gary Perritt
|
|
Now at 1B: Steven Mobberley
|
|
|
Now at 2B: Harry Chappas
|
|
|
Now at SS: Luis Salazar
|
|
|
Batting: LHB Jason D Thompson
|
0-0: Ball 1-0: Swinging Strike 1-1: Ball 2-1: Ball 3-1: Swinging Strike 3-2: Base on Balls
|
|
Batting: RHB Jeff Atherton
|
0-0: Foul Ball, location: 2F 0-1: Grounds into double play, 5-4-3 (Groundball, 5, EV 86.9 MPH)
|
|
Pinch Hitting: LHB Ralph Garr
|
0-0: Ground out 4-3 (Groundball, 4MS, EV 81.3 MPH)
|
| Bottom of the 8th over - 0 runs, 0 hits, 0 errors, 0 left on base; Boston 5 - California 8 |
| TOP OF THE 9TH |
|
Boston Red Sox batting - Pitching for California Angels : RHP John Butcher
|
|
Now in LF: Ralph Garr
|
|
|
Pinch Hitting: RHB Tito Landrum
|
0-0: Swinging Strike 0-1: Ground out U3 (Groundball, 34S, EV 81.3 MPH)
|
|
Batting: SHB Dave Collins
|
0-0: Ball 1-0: SINGLE (Groundball, P, EV 87.5 MPH) (infield hit)
|
|
Batting: SHB Albert Hall
|
0-0: Ball 1-0: Ball 2-0: Ball Wild Pitch! Dave Collins to second 3-0: Called Strike 3-1: Called Strike 3-2: Fly out, F8 (Flyball, 8LD, EV 89.4 MPH)
|
|
Pitching: RHP Alfredo Rojas
|
|
|
Batting: SHB Nelson Norman
|
0-0: Called Strike 0-1: SINGLE (Flyball, 3D, EV 91.3 MPH) Dave Collins to third
|
|
Batting: LHB Ted May
|
0-0: Ball 1-0: Ball Pickoff Throw by Catcher to First - Error! E2 Dave Collins scores Nelson Norman to second 2-0: Ball 3-0: Base on Balls
|
|
Batting: LHB Steven Mobberley
|
0-0: Ball 1-0: Ball 2-0: Ball 3-0: Called Strike 3-1: Base on Balls Nelson Norman to third Ted May to second
|
|
Batting: SHB Harry Chappas
|
0-0: Ball 1-0: Foul Ball, location: 2F 1-1: Called Strike 1-2: SINGLE (Line Drive, 7LS, EV 103.1 MPH) Nelson Norman scores Ted May to third Steven Mobberley to second Runner from 3rd tries for Home, SAFE, throw by LF to home
|
|
Pinch Hitting: RHB Dave Malpeso
|
0-0: Ground out 6-3 (Groundball, 6S, EV 73.8 MPH)
|
| Top of the 9th over - 3 runs, 3 hits, 1 error, 2 left on base; Boston 8 - California 8 |
| BOTTOM OF THE 9TH |
|
California Angels batting - Pitching for Boston Red Sox : LHP Gary Perritt
|
|
Now at C: Dave Malpeso
|
|
|
Now in CF: Tito Landrum
|
|
|
Pinch Hitting: RHB Duke Hinds
|
0-0: Called Strike 0-1: Called Strike 0-2: Ball 1-2: Strikes out swinging
|
|
Pinch Hitting: RHB Mike Bishop
|
0-0: Called Strike 0-1: Foul Ball, location: 2F 0-2: Ball 1-2: Ball 2-2: Strikes out swinging
|
|
Pinch Hitting: LHB Jerry Willard
|
0-0: Called Strike 0-1: Ball 1-1: Ground out 4-3 (Groundball, 4M, EV 83.1 MPH)
|
| Bottom of the 9th over - 0 runs, 0 hits, 0 errors, 0 left on base; Boston 8 - California 8 |
| TOP OF THE 10TH |
|
Boston Red Sox batting - Pitching for California Angels : RHP Alfredo Rojas
|
|
Pitching: RHP Jerry Reed
|
|
|
Now at C: Jerry Willard
|
|
|
Now at 2B: Duke Hinds
|
|
|
Now in RF: Mike Bishop
|
|
|
Pinch Hitting: SHB Phil Ouellette
|
0-0: DOUBLE (Line Drive, 9LM, EV 96.3 MPH)
|
|
Pinch Hitting: LHB Dave Haberle
|
0-0: Sac Bunt to 15 - play at first, batter OUT! 1-3 Phil Ouellette to third
|
|
Batting: SHB Dave Collins
|
0-0: Intentional Walk
|
|
Batting: SHB Albert Hall
|
0-0: Ball 1-0: Fielders Choice at 2nd, 6-4 (Groundball, 56, EV 110.0 MPH) Phil Ouellette scores
|
|
Batting: SHB Nelson Norman
|
0-0: Ball Albert Hall steals 2nd base 1-0: SINGLE (Groundball, 34D, EV 102.5 MPH) Albert Hall to third Runner from 3rd tries for Home, SAFE, throw by RF to home
|
|
Batting: LHB Ted May
|
0-0: DOUBLE (Groundball, 3L, EV 99.4 MPH) Nelson Norman to third Runner from 3rd tries for Home, SAFE, throw by RF to trailing runner, SAFE at third!
|
|
Pitching: LHP Tug McGraw
|
|
|
Batting: LHB Steven Mobberley
|
0-0: Called Strike 0-1: Ground out 5-3 (Groundball, 56S, EV 82.5 MPH)
|
| Top of the 10th over - 3 runs, 3 hits, 0 errors, 1 left on base; Boston 11 - California 8 |
| BOTTOM OF THE 10TH |
|
California Angels batting - Pitching for Boston Red Sox : LHP Gary Perritt
|
|
Now at SS: Kelly Heath
|
|
|
Now in RF: Daryl Sconiers
|
|
|
Batting: RHB Dave L Stapleton
|
0-0: Ball 1-0: Ground out 4-3 (Groundball, 4M, EV 84.4 MPH)
|
|
Batting: RHB Carlos Pimentel
|
0-0: Called Strike 0-1: SINGLE (Groundball, 15S, EV 74.4 MPH) (infield hit)
|
|
Batting: SHB Jon Hernandez
|
0-0: Ball 1-0: Called Strike 1-1: Ball 2-1: Foul Ball, location: 2F 2-2: Ball 3-2: Fly out, F9 (Flyball, 9D, EV 91.3 MPH)
|
|
Pitching: LHP Kenneth Kollmyer
|
|
|
Batting: LHB Jason D Thompson
|
0-0: Ball 1-0: Ball 2-0: Called Strike 2-1: Foul Ball, location: 2F 2-2: Fly out, F8 (Flyball, 8RD, EV 102.5 MPH)
|
| Bottom of the 10th over - 0 runs, 1 hit, 0 errors, 1 left on base; Boston 11 - California 8 |
|